 Dungeon Crawl Stone Soup version 0.29-a0-82-g837932c90e (webtiles) character file.

Game seed: 1355800224370603044

1384 lordive the Chiller (level 8, -5/68 HPs)
             Began as a Naga Ice Elementalist on Feb 4, 2022.
             Was a Believer of Cheibriados.
             Slain by a wyvern zombie (6 damage)
             ... on level 7 of the Dungeon.
             The game lasted 00:13:46 (6519 turns).

lordive the Chiller (Naga Ice Elementalist)         Turns: 6519, Time: 00:13:46

Health: -5/68      AC: 15    Str: 15 (16) XL:     8   Next: 67%
Magic:  14/14      EV: 10    Int: 18 (21) God:    Cheibriados [**....]
Gold:   243        SH:  0    Dex: 12 (15) Spells: 4/15 levels left

rFire   . . .      SeeInvis +   s - +2 hand axe (freeze)
rCold   . . .      Faith    .   (no shield)
rNeg    . . .      Spirit   .   a - +0 robe
rPois   +          Reflect  .   (no helmet)
rElec   .          Harm     .   r - +2 cloak
rCorr   .          Rampage  .   c - +0 pair of gloves
Will    +....                   (no barding)
Stlth   +++.......              f - amulet of magic regeneration
HPRegen 0.21/turn               (no ring)
MPRegen 0.54/turn               (no ring)

@: brilliant, ice-armoured, attractive, invisible, very slow
A: AC +2, large, see invisible, deformed body, poison resistance, slowness 2,
spit poison 1, naga tail 1
a: Spit Poison, Renounce Religion, Bend Time


You were on level 7 of the Dungeon.
You worshipped Cheibriados.
Cheibriados was pleased with you.
You visited 1 branch of the dungeon, and saw 7 of its levels.
You also visited: Ossuary.

You collected 243 gold pieces.

Inventory:

Hand Weapons
 l - a +1 short sword of venom
 s - a +2 hand axe of freezing (weapon)
Missiles
 v - 262 stones
Armour
 a - a +0 robe (worn)
 c - a +0 pair of gloves (worn)
 n - a +0 leather armour
 r - a +2 cloak (worn)
Jewellery
 f - an amulet of magic regeneration (around neck)
 g - an amulet of the acrobat
 h - a ring of positive energy
 m - a ring of fire
Wands
 x - a wand of flame (19)
Scrolls
 b - 8 scrolls of identify {unknown}
 d - 2 scrolls of brand weapon {unknown}
 e - a scroll of silence {unknown}
 i - 5 scrolls of teleportation {unknown}
 q - a scroll of blinking {unknown}
 u - 2 scrolls of enchant weapon {unknown}
 y - a scroll of fear {unknown}
 C - a scroll of enchant armour {unknown}
Potions
 j - a potion of invisibility
 k - a potion of degeneration
 t - a potion of curing
 w - a potion of magic {unknown}
 z - a potion of cancellation {unknown}
 A - 3 potions of flight {unknown}
 B - a potion of haste {unknown}


   Skills:
 * Level 2.5 Fighting
 + Level 1.0 Axes
 + Level 1.0 Staves
 * Level 2.1 Armour
 * Level 2.6 Dodging
 * Level 6.0 Stealth
 * Level 1.9 Shields
 + Level 4.2 Spellcasting
 * Level 2.6 Conjurations
 * Level 6.5 Ice Magic
 * Level 2.4 Invocations


You had 4 spell levels left.
You knew the following spells:

 Your Spells              Type           Power      Damage    Failure   Level
a - Freeze                Ice            100%       1d11      1%          1
b - Frozen Ramparts       Ice            82%        1d10      3%          3
c - Ozocubu's Armour      Ice            41%        N/A       3%          3
d - Hailstorm             Conj/Ice       30%        3d8       22%         4

Your spell library contained the following spells:

 Spells                   Type           Power      Damage    Failure   Level
 Sandblast                Erth           10%        2d5       14%         1
 Passwall                 Tmut/Erth      4%         N/A       22%         2
 Dazzling Flash           Conj/Hex       24%        N/A       26%         3
 Iskenderun's Mystic Bla  Conj/Tloc      12%        2d5       63%         4
 Starburst                Conj/Fire      6%         6d4       100%        6
 Polar Vortex             Ice            20%        N/A       100%        9


Dungeon Overview and Level Annotations

Branches:
Dungeon (7/15)             Temple (0/1) D:6         Ossuary (visited)

Altars:
Cheibriados
Dithmenos
Fedhas
Sif Muna
Trog
Zin


Innate Abilities, Weirdness & Mutations

Your serpentine skin is tough. (AC +2)
You have supernaturally acute eyesight. (SInv)
Armour fits poorly on your strangely shaped body.
Your system is resistant to poisons. (rPois)
You cover ground very slowly.
You can spit poison.
You have a snake-like lower body.


Message History

The wyvern zombie is heavily damaged.
The wyvern zombie bites you!
The wyvern zombie bites you but does no damage.
You slash the wyvern zombie!
The wyvern zombie is heavily damaged.
The wyvern zombie closely misses you.
You hit the wyvern zombie.
The wyvern zombie is severely damaged.
The wyvern zombie bites you but does no damage.
The wyvern zombie barely misses you.
You hit the wyvern zombie but do no damage.
The wyvern zombie is severely damaged.
The wyvern zombie barely misses you.
You hit the wyvern zombie but do no damage.
The wyvern zombie is severely damaged.
The wyvern zombie barely misses you. The wyvern zombie bites you!
* * * LOW HITPOINT WARNING * * *
You hit the wyvern zombie.
The wyvern zombie is severely damaged.
The wyvern zombie bites you.
* * * LOW HITPOINT WARNING * * *
The wyvern zombie bites you!
* * * LOW HITPOINT WARNING * * *
It was a potion of invisibility.
You fade into invisibility!
The wyvern zombie barely misses you.
It was a potion of degeneration.
There was something very wrong with that liquid.
You feel weakened.
You feel dopey.
You feel clumsy.
The wyvern zombie bites you but does no damage.
It was a potion of curing.
You feel better. The wyvern zombie closely misses you.
It was a potion of attraction.
You feel attractive to monsters. The wyvern zombie barely misses you.
The wyvern zombie bites you!
* * * LOW HITPOINT WARNING * * *
It was a potion of brilliance.
You feel clever all of a sudden. The wyvern zombie bites you.
You die...

#.# ###.#####
#.......# #.#.###.#
#)#.#...# #.#.#.###.#
#.#.#<..#.#
###########.#.#.#.#.#
.......))Z@.#.#.#.#.#
.......######.#.....#
..[.... ###...#)#
....... #...#.#
..oo... #...#.#
.....[. #...#.#
....... #...#.#
....... #...#.#
########.#.#


You could see a wyvern zombie.

Vanquished Creatures
  An orc warrior (D:7)
  A sky beast (D:5)
  2 necrophages
  An ogre (D:4)
  A bullfrog (D:6)
  A scorpion (D:6)
  A water moccasin skeleton (D:4)
  A howler monkey (D:6)
  2 jellies
  3 orc priests (D:6)
  3 hounds
  Crazy Yiuf (D:3)
  2 bullfrog skeletons (D:6)
  2 iguanas
  An orc wizard (D:5)
  12 mummies (Ossuary)
  6 adders
  A white imp (D:6)
  An ufetubus (D:6)
  A worm (D:2)
  2 dart slugs
  15 orcs
  3 ball pythons
  8 endoplasms
  A giant cockroach (D:4)
  8 goblins
  5 hobgoblins
  8 jackals
  7 kobolds
  4 quokkas
  5 bats
  4 frilled lizards
  2 gnoll skeletons (Ossuary)
  4 kobold skeletons (Ossuary)
  2 orc skeletons (Ossuary)
  4 rats
  11 rat skeletons (Ossuary)
137 creatures vanquished.

Vanquished Creatures (others)
  2 fungi (D:3)
2 creatures vanquished.

Grand Total: 139 creatures vanquished

Notes
Turn   | Place    | Note
-------+----------+-------------------------------------------
     0 | D:1      | lordive the Naga Ice Elementalist began the quest for the
                  | Orb.
     0 | D:1      | Reached XP level 1. HP: 15/15 MP: 3/3
     7 | D:1      | Got the Handbook of the Rocks and Ice
   193 | D:1      | Reached XP level 2. HP: 13/22 MP: 0/5
   365 | D:1      | You fall into a shaft and drop 1 floor!
   389 | D:2      | Reached XP level 3. HP: 17/28 MP: 0/6
   442 | D:2      | Learned a level 3 spell: Frozen Ramparts
  1102 | D:2      | Found a bloodstained altar of Trog.
  1294 | D:2      | Reached XP level 4. HP: 35/36 MP: 7/7
  1605 | D:3      | Reached skill level 5 in Ice Magic
  1739 | D:3      | Reached XP level 5. HP: 42/42 MP: 9/9
  1913 | D:3      | Found a runed translucent door.
  1914 | D:3      | Noticed Crazy Yiuf
  2120 | D:3      | Learned a level 3 spell: Ozocubu's Armour
  2287 | D:3      | Killed Crazy Yiuf
  2288 | D:3      | Reached skill level 1 in Conjurations
  2430 | D:4      | Reached skill level 1 in Fighting
  2430 | D:4      | Reached XP level 6. HP: 23/51 MP: 10/10
  3067 | D:5      | Entered Level 5 of the Dungeon
  3197 | D:4      | Reached skill level 1 in Invocations
  3227 | D:4      | Noticed a necrophage
  3237 | D:4      | Killed a necrophage
  3238 | D:4      | Reached skill level 1 in Armour
  3238 | D:4      | Reached skill level 1 in Shields
  3238 | D:4      | Reached XP level 7. HP: 51/57 MP: 12/12
  3404 | D:4      | Found a blossoming altar of Fedhas.
  3863 | D:5      | Found a glowing silver altar of Zin.
  4163 | D:5      | Found a snail-covered altar of Cheibriados.
  4302 | D:5      | Became a worshipper of Cheibriados the Contemplative
  4407 | D:6      | Reached skill level 1 in Staves
  4420 | D:6      | Found a staircase to the Ecumenical Temple.
  4448 | D:6      | Reached XP level 8. HP: 62/67 MP: 9/14
  4579 | D:6      | Reached skill level 5 in Stealth
  4883 | D:6      | Found a sand-covered staircase.
  4892 | Ossuary  | Entered an ossuary
  4898 | Ossuary  | Learned a level 4 spell: Hailstorm
  5218 | Ossuary  | Reached * piety under Cheibriados
  5668 | Ossuary  | Reached ** piety under Cheibriados
  6021 | D:6      | Found a shimmering blue altar of Sif Muna.
  6417 | D:7      | Found a shadowy altar of Dithmenos.
  6498 | D:7      | Reached skill level 1 in Axes
  6514 | D:7      | HP: 1/68 [wyvern zombie (10)]
  6519 | D:7      | Slain by a wyvern zombie

Illustrated notes

Levels and vault maps discovered:
D:1:      dpeg_arrival_lava_temple_mockup, layout_rooms
D:2:      layout_rooms, basic_altar
D:3:      layout_rooms, hangedman_decor_growths, uniq_crazy_yiuf_cottage
D:4:      minmay_angry_zag, layout_rooms, fedhas_altar_fruit_tree
D:5:      layout_loops_ring, kennysheep_slug_shrine, kennysheep_mini_moat
D:6:      layout_loops_ring, lemuel_tele_altar,
          minmay_temple_entry_proselytizer, nicolae_ossuary_entry_ruins
D:7:      layout_basic, lemuel_coloured_pillars_altar,
          grunt_temple_overflow_open, serial_shops, shop

Skill      XL: |  1  2  3  4  5  6  7  8 |
---------------+-------------------------+-----
Spellcasting   | 3 4 |  4.2
Ice Magic      | 5 6 |  6.5
Conjurations   | 1 2 |  2.6
Fighting       | 1 2 |  2.5
Dodging        | 2 |  2.6
Invocations    | 1 2 |  2.4
Armour         | 1 2 |  2.1
Stealth        | 4 6 |  6.0
Shields        | 1 |  1.9
Staves         | 1 |  1.0
Axes           | 1 |  1.0

Action                   |  1- 3 |  4- 6 |  7- 9 || total
-------------------------+-------+-------+-------++-------
Melee: Unarmed           |     8 |       |       ||     8
       Quarterstaff      |       |    18 |     6 ||    24
       Hand axe          |       |       |   131 ||   131
 Cast: Freeze            |    33 |    19 |     5 ||    57
       Frozen Ramparts   |     1 |    16 |    31 ||    48
       Ozocubu's Armour  |       |     4 |    25 ||    29
 Abil: Spit Poison       |    29 |    11 |       ||    40
  Use: Potion            |       |       |     5 ||     5
Armor: Robe              |    13 |    31 |    73 ||   117
Dodge: Dodged            |    19 |    43 |   101 ||   163

Table legend: (Time is in decaauts)
 A = Elapsed time spent in this place.
 B = Non-inter-level travel time spent in this place.
 C = Inter-level travel time spent in this place.
 D = Time resting spent in this place.
 E = Time spent auto-exploring this place.
 F = Levels seen in this place.
 G = Mean time per level.
                   A        B        C        D        E       F      G
               +--------+--------+--------+--------+--------+-----+--------+
         Total |   8489 |   7936 |    553 |    690 |   5862 |   8 | 1061.1 |
       Dungeon |   7433 |   6880 |    553 |    534 |   5273 |   7 | 1061.9 |
       Ossuary |   1056 |   1056 |      0 |    156 |    589 |   1 | 1056.0 |
               +--------+--------+--------+--------+--------+-----+--------+

Top non-repeatable levels by time:
     D:6: 1751 daAuts
     D:3: 1239 daAuts
     D:4: 1223 daAuts
     D:5: 1069 daAuts
 Ossuary: 1056 daAuts
     D:1: 1026 daAuts
     D:2: 894 daAuts
     D:7: 228 daAuts
